 Dungeon Crawl Stone Soup version 0.26-a0-1191-ge2a0e31ab3 (webtiles) character file.

Game seed: 4079975785794141764

172 vvl the Firebug (level 5, -7/35 HPs)
             Began as a Demonspawn Fire Elementalist on Dec 28, 2020.
             Mangled by an ogre
             ... wielding a +0 giant club
              (21 damage)
             ... on level 2 of the Dungeon.
             The game lasted 00:12:53 (3555 turns).

vvl the Firebug (Demonspawn Fire Elementalist)      Turns: 3555, Time: 00:12:53

Health: -7/35      AC:  8    Str:  9    XL:     5   Next: 27%
Magic:  7/9        EV: 11    Int: 17    God:
Gold:   173        SH:  0    Dex: 13    Spells: 8/9 levels left

rFire    . . .     SeeInvis .   d - +0 dagger
rCold    . . .     Faith    .   (no shield)
rNeg     . . .     Spirit   .   m - +0 leather armour
rPois    .         Reflect  .   g - +0 helmet
rElec    .         Harm     .   q - +0 cloak
rCorr    .         Rampage  .   h - +0 pair of gloves
Will     .....                  (no boots)
Stlth    ++........             (no amulet)
HPRegen  0.11/turn              (no ring)
MPRegen  0.11/turn              (no ring)

@: no status effects
A: thin metallic scales 1, miasma immunity
a: no special abilities


You were on level 2 of the Dungeon.
You visited 1 branch of the dungeon, and saw 3 of its levels.

You collected 173 gold pieces.

Inventory:

Hand Weapons
 d - a +0 dagger (weapon)
Armour
 g - a +0 helmet (worn)
 h - a +0 pair of gloves (worn)
 m - a +0 leather armour (worn)
 n - a +4 ring mail
 q - a +0 cloak (worn)
Jewellery
 c - an uncursed ring of protection from fire {unknown}
Scrolls
 a - 2 scrolls of enchant weapon {unknown}
 b - a scroll of remove curse {unknown}
 f - 2 scrolls of blinking {unknown}
 i - 2 scrolls of teleportation {unknown}
 j - 2 scrolls of identify {unknown}
 l - 2 scrolls of amnesia {unknown}
 p - a scroll of immolation {unknown}
 s - a scroll of magic mapping {unknown}
Potions
 e - 3 potions of curing
 k - 3 potions of experience {unknown}
 o - a potion of magic {unknown}
 r - a potion of mutation {unknown}


   Skills:
 + Level 1.2 Armour
 - Level 1.7 Dodging
 - Level 1.7 Stealth
 + Level 2.7 Spellcasting
 + Level 2.2 Conjurations
 + Level 2.1 Necromancy
 * Level 3.9 Fire Magic


You had 8 spell levels left.
You knew the following spells:

 Your Spells              Type           Power        Failure   Level
a - Foxfire               Conj/Fire      48%          7%          1

Your spell library contained the following spells:

 Spells                   Type           Power        Failure   Level
 Conjure Flame            Conj/Fire      12%          21%         3
 Inner Flame              Hex/Fire       9%           32%         3
 Sticky Flame             Conj/Fire      12%          56%         4
 Fireball                 Conj/Fire      6%           88%         5


Dungeon Overview and Level Annotations

Branches:
Dungeon (3/15)

Altars:


Innate Abilities, Weirdness & Mutations

You are partially covered in thin metallic scales. (AC +2)
You are immune to miasma.


Message History

The ogre is lightly wounded.
You hit the ogre.
The ogre is lightly wounded.
There is a stone staircase leading up here.
The ogre hits you with a +0 giant club!
You climb upwards.
There is a stone staircase leading down here.
Casting: Foxfire (safe; 7% risk of failure)
Confirm with . or Enter, or press ? or * to list all spells.
You conjure some foxfire!
The ogre hits you with a +0 giant club!
The foxfire hits the ogre.
The ogre is moderately wounded.
The foxfire hits the ogre.
The ogre is heavily wounded.
Casting: Foxfire (safe; 7% risk of failure)
Confirm with . or Enter, or press ? or * to list all spells.
You conjure some foxfire!
The ogre hits you with a +0 giant club!!
Ouch! That really hurt!
You die...

##.......######.#.# #.
#...#.#########.#.############.
#.###.##.##...<.............##.
#.# #.#.#.#.###.#.#.#...(...##.
#.# #..###..# #.#.#.####.#..##.
#.###.## ##.###..[.[.....#..##.
###.##.## ##..§.....####.#[.#..
#.......## ##..v§..>######....#.#
.........###...v@O..# #....##.#..
#..)......#.....)..## #.##.##.###
#.......#≈.#..##...# #.##.##.###
#........≈....##..)# ##.#.....<..
######≈..≈.#.###...###........###
#..≈.≈.............#......#
#....≈........####........#
#...≈≈...###..#####.#.....#
##...≈...............#.#.>#


You could see an ogre.

Vanquished Creatures
  Jessica (D:3)
  Natasha (thrice) (D:2)
  An adder (D:2)
  An ooze (D:1)
  A worm (D:2)
  A dart slug (D:2)
  4 leopard geckos
  2 orcs (D:3)
  6 bats
  4 giant cockroaches
  7 goblins
  3 hobgoblins
  10 kobolds
  6 rats
50 creatures vanquished.

Vanquished Creatures (others)
  163 foxfires
163 creatures vanquished.

Grand Total: 213 creatures vanquished

Notes
Turn   | Place    | Note
-------+----------+-------------------------------------------
     0 | D:1      | vvl the Demonspawn Fire Elementalist began the quest for
                  | the Orb.
     0 | D:1      | Reached XP level 1. HP: 13/13 MP: 3/3
   338 | D:1      | Gained mutation: You are immune to miasma. [demonic
                  | ancestry]
   338 | D:1      | Reached XP level 2. HP: 15/19 MP: 1/5
   455 | D:1      | Reached skill level 3 in Fire Magic
  1001 | D:1      | Reached skill level 1 in Necromancy
  1356 | D:1      | Gained mutation: You are partially covered in thin metallic
                  | scales. (AC +2) [demonic ancestry]
  1356 | D:1      | Reached XP level 3. HP: 10/24 MP: 3/6
  2399 | D:2      | Noticed Natasha
  2412 | D:2      | Killed Natasha
  2413 | D:2      | Reached XP level 4. HP: 5/30 MP: 0/7
  2711 | D:2      | Noticed Natasha
  2718 | D:2      | Killed Natasha
  2852 | D:2      | Noticed Natasha
  2861 | D:2      | Killed Natasha
  2862 | D:2      | Reached skill level 1 in Armour
  3117 | D:3      | Reached XP level 5. HP: 20/35 MP: 2/9
  3280 | D:3      | Noticed Jessica
  3284 | D:3      | Killed Jessica
  3535 | D:3      | Noticed an ogre
  3555 | D:2      | Mangled by an ogre

Illustrated notes

Levels and vault maps discovered:
D:1:      dpeg_arrival_arbitrary_c, layout_loops_ring
D:2:      layout_loops_ring, serial_rivers, chequers_serial_rivers_large_a,
          chequers_serial_rivers_micro_b, chequers_serial_rivers_large_b,
          chequers_serial_rivers_micro_e, chequers_serial_rivers_room_a,
          uniq_natasha
D:3:      layout_basic, overflow_temple_1_default, kennysheep_donut,
          tgw_kikubaaqudgha, uniq_jessica

Skill      XL: |  1  2  3  4 |
---------------+-------------+-----
Fire Magic     | 3 |  3.9
Necromancy     | 1 2 |  2.1
Conjurations   | 2 |  2.2
Armour         | 1 |  1.2
Dodging        | |  1.7
Stealth        | |  1.7
Spellcasting   | |  2.7

Action                   |  1- 3 |  4- 6 || total
-------------------------+-------+-------++-------
Melee: Dagger            |   106 |    33 ||   139
       Unarmed           |     6 |       ||     6
 Cast: Foxfire           |    67 |    34 ||   101
 Stab: Sleeping          |     3 |       ||     3
Armor: Robe              |    48 |       ||    48
       Leather armour    |     8 |    15 ||    23
Dodge: Dodged            |    91 |    25 ||   116

Table legend: (Time is in decaauts)
 A = Elapsed time spent in this place.
 B = Non-inter-level travel time spent in this place.
 C = Inter-level travel time spent in this place.
 D = Time resting spent in this place.
 E = Time spent auto-exploring this place.
 F = Levels seen in this place.
 G = Mean time per level.
                   A        B        C        D        E       F      G
               +--------+--------+--------+--------+--------+-----+--------+
         Total |   3595 |   3492 |    103 |    246 |   2753 |   3 | 1198.3 |
       Dungeon |   3595 |   3492 |    103 |    246 |   2753 |   3 | 1198.3 |
               +--------+--------+--------+--------+--------+-----+--------+

Top non-repeatable levels by time:
     D:2: 1577 daAuts
     D:1: 1546 daAuts
     D:3: 471 daAuts
